AoeStats
← El Oscuro

Nomad

508908659Analyzed
2v2 RM · 7d ago on Sep 24, 2026· 45m 56s· 4 players
Game mode
Random Map
Map size
176×176
Population
200
Speed
Normal
Resources
Standard
Victory
Conquest
Starting age
Dark Age
Ending age
Imperial Age
RankedLock teamsTeams togetherTeam positionsShared explorationLock speedFull tech treeHidden civsTurbo modeCheats
Victory
Defeat
🇦🇷 Tupi · Argentina
871
+14
🇦🇷 Burgundians · Argentina
862
+15
🇷🇺 Vietnamese · Russia
852
-15
🇫🇷 Byzantines · France
824
-14
Bélisaire
3:50 Loom
15:46 Feudal Age
16:27 Fishing Lines
20:36 Castle Age
18:25 Double-Bit Axe
20:32 Stone Mining
20:35 Gold Mining
20:41 Fletching
21:37 Medium Warships
33:43 Husbandry
33:04 Light Cavalry
34:00 Bodkin Arrow
37:52 Imperial Age
44:11 Forging
44:07 Scale Barding Armor
F⇄LUCK
7:12 Loom
16:18 Feudal Age
16:52 Fishing Lines
16:55 Horse Collar
22:26 Castle Age
21:43 Wheelbarrow
20:55 Town Watch
21:02 Double-Bit Axe
21:12 Stone Mining
21:16 Gold Mining
21:20 Fletching
21:33 Padded Archer Armor
21:44 Forging
23:27 Scale Mail Armor
24:01 Heavy Plow
24:16 Bow Saw
24:45 Stone Shaft Mining
25:20 Gillnets
25:51 Medium Warships
26:54 Husbandry
27:05 Bloodlines
30:27 Pikeman
31:09 Squires
35:53 Ballistics
39:16 Bodkin Arrow
42:10 Imperial Age
39:24 Treadmill Crane
40:14 Leather Archer Armor
41:26 Hand Cart
41:13 Town Patrol
41:40 Thumb Ring
40:56 Elite Skirmisher
41:32 Arson
43:45 Hoardings
43:54 Arrowslits
44:06 Murder Holes
narutoelcapo
4:49 Loom
16:39 Feudal Age
17:28 Double-Bit Axe
20:20 Horse Collar
20:54 Bow Saw
23:55 Castle Age
23:00 Forging
23:55 Scale Barding Armor
24:10 Heavy Plow
24:07 Cavalier
25:37 Husbandry
26:22 Crop Rotation
27:34 Wheelbarrow
29:53 Hand Cart
30:17 Iron Casting
33:29 Chain Barding Armor
34:15 Treadmill Crane
40:20 Imperial Age
40:49 Paladin
El Oscuro
14:17 Feudal Age
12:51 Loom
18:49 Castle Age
20:17 Fletching
23:33 Champi Runner
24:26 Forging
24:17 Scale Mail Armor
25:47 Champi Warrior
32:31 Squires
39:06 Bodkin Arrow
41:18 Double-Bit Axe
41:20 Horse Collar
41:31 Loom
Connection lost

Rejoining the realm…

Still unreachable

The connection could not be restored.

Session expired

The server has moved on; the page needs a fresh start.